 Seeded DCSS version 0.28-a0-312-gbced6e68ee (webtiles) character file.

Game seed: 7704828258330008827 (custom seed)

61 voltaire321 the Skirmisher (level 4, 0/35 HPs)
             Began as a Djinni Cinder Acolyte on Aug 31, 2021.
             Was a High Priest of Ignis.
             Slain by an adder (2 damage)
             ... on level 2 of the Dungeon.
             The game lasted 00:04:02 (1667 turns).

voltaire321 the Skirmisher (Djinni Cinder Acolyte)  Turns: 1667, Time: 00:04:03

Health: 0/35       AC:  2    Str: 14    XL:     4   Next: 27%
Gold:   57         EV: 12    Int: 15    God:    Ignis [*****.] SH:  0 Dex:  9

rFire   + + +      SeeInvis .   a - -1 falchion (flame)
rCold   . . .      Faith    .   (no shield)
rNeg    . . .      Spirit   .   b - +0 robe
rPois   ∞          Reflect  .   (no helmet)
rElec   .          Harm     .   (no cloak)
rCorr   .          Rampage  .   (no gloves)
Will    .....                   (boots unavailable)
Stlth   +.........              (no amulet)
HPRegen 0.11/turn               h - ring of protection from cold
MPRegen 0.00/turn               (no ring)

@: flying
A: sickness immunity, fire resistance 2, cold vulnerability 1, float, innate
caster, hp casting, extra vitality 1
a: Renounce Religion, Sea of Fire, Foxfire Swarm, Rising Flame


You were on level 2 of the Dungeon.
You worshipped Ignis.
Ignis was extremely pleased with you.
You visited 1 branch of the dungeon, and saw 2 of its levels.

You collected 57 gold pieces.

Inventory:

Hand Weapons
 a - a -1 falchion of flaming (weapon)
Armour
 b - a +0 robe (worn)
Jewellery
 h - a ring of protection from cold (left hand)
Scrolls
 c - 2 scrolls of acquirement {unknown}


   Skills:
 + Level 3.5 Fighting
 + Level 3.2 Long Blades
 + Level 1.7 Dodging
 + Level 1.6 Spellcasting


You had 4 spell levels left.
You knew the following spells:

 Your Spells              Type           Power      Damage    Failure   Level
a - Foxfire               Conj/Fire      24%        2x1d5     12%         1
b - Freeze                Ice            24%        1d5       12%         1
Your spell library was empty.

Dungeon Overview and Level Annotations

Branches:
Dungeon (2/15)

Altars:

Shops:
D:1 :


Innate Abilities, Weirdness & Mutations

You are immune to sickness and miasma.
You are immune to poison.
Your flesh is very heat resistant. (rF++)
You are vulnerable to cold. (rC-)
You float through the air rather than walking.
You learn spells naturally, not from books.
Your magical power is your life essence.
You have superior vitality. (+4 HP)


Message History

The adder is heavily wounded.
The adder closely misses you.
You barely miss the adder.
The adder is heavily wounded.
The adder barely misses you.
You barely miss the adder.
The adder is heavily wounded.
The adder barely misses you. x2
You barely miss the adder.
The adder is heavily wounded.
The adder barely misses you.
A goblin comes into view. It is wielding a +0 club.
You miss the adder.
The adder is heavily wounded.
The goblin shouts!
The adder bites you.
* * * LOW HITPOINT WARNING * * *
A goblin comes into view. It is wielding a +0 dagger.
The adder bites you.
* * * LOW HITPOINT WARNING * * *
You feel better. The adder closely misses you.
It was a potion of flight.
You feel more buoyant.
The goblin shouts!
The adder bites you.
* * * LOW HITPOINT WARNING * * *
A goblin comes into view. It is wielding a +0 dagger. x2
The adder bites you.
* * * LOW HITPOINT WARNING * * *
You miss the adder.
The adder is heavily wounded.
The adder barely misses you. The adder bites you.
* * * LOW HITPOINT WARNING * * *
You hit the adder. You burn the adder.
The adder is severely wounded.
The adder bites you but does no damage.
You barely miss the adder.
The adder is severely wounded.
The bat misses you. The bat barely misses you. The adder bites you.
You die...

.... #......
..........g.##
........> .g..
##........ .<#
#......#.# #g#
#.#...#.####.# ###
#.......##g..#
#<####.#.......S..#
#÷#...........@b..#
#†#...........#..##
#.†..............#
###.##..#.....##.#
#.........####..#
#######...........
#.##### #### #.#
###


You could see an adder, 2 goblins and a bat.

Vanquished Creatures
  2 adders (D:2)
  2 dart slugs
  2 ball pythons (D:2)
  5 endoplasms
  A giant cockroach (D:1)
  4 goblins (D:1)
  4 hobgoblins (D:1)
  2 quokkas
  6 bats (D:1)
  4 frilled lizards
  A kobold (D:1)
  6 rats
39 creatures vanquished.

Vanquished Creatures (others)
  A foxfire (D:2)
1 creature vanquished.

Grand Total: 40 creatures vanquished

Notes
Turn   | Place    | Note
-------+----------+-------------------------------------------
     0 | D:1      | voltaire321 the Djinni Cinder Acolyte began the quest for
                  | the Orb.
     0 | D:1      | Reached XP level 1. HP: 20/20 MP: 0/0
    92 | D:1      | Found Iveklaap's Book Emporium.
   182 | D:1      | Reached XP level 2. HP: 20/25 MP: 0/0
   470 | D:1      | Reached skill level 1 in Dodging
   488 | D:1      | Reached XP level 3. HP: 9/30 MP: 0/0
   488 | D:1      | Learned a level 1 spell: Freeze
  1415 | D:2      | Reached XP level 4. HP: 19/35 MP: 0/0
  1667 | D:2      | Slain by an adder

Illustrated notes

Levels and vault maps discovered:
D:1:      shiori_shiawase, layout_loops_ring, serial_shops, shop,
          minmay_hexomino_u4
D:2:      layout_basic, minmay_snake_closets, uniq_robin

Skill      XL: |  1  2  3 |
---------------+----------+-----
Dodging        | 1 |  1.7
Long Blades    | 3 |  3.2
Fighting       | |  3.5
Spellcasting   | |  1.6

Action                   |  1- 3 |  4- 6 || total
-------------------------+-------+-------++-------
Melee: Falchion          |   146 |    33 ||   179
 Cast: Foxfire           |     2 |       ||     2
  Use: Scroll            |       |     3 ||     3
       Potion            |       |     2 ||     2
Armor: Robe              |    50 |     4 ||    54
Dodge: Dodged            |   106 |    31 ||   137

Table legend: (Time is in decaauts)
 A = Elapsed time spent in this place.
 B = Non-inter-level travel time spent in this place.
 C = Inter-level travel time spent in this place.
 D = Time resting spent in this place.
 E = Time spent auto-exploring this place.
 F = Levels seen in this place.
 G = Mean time per level.
                   A        B        C        D        E       F      G
               +--------+--------+--------+--------+--------+-----+--------+
         Total |   1692 |   1680 |     12 |    535 |    739 |   2 |  846.0 |
       Dungeon |   1692 |   1680 |     12 |    535 |    739 |   2 |  846.0 |
               +--------+--------+--------+--------+--------+-----+--------+

Top non-repeatable levels by time:
     D:1: 1397 daAuts
     D:2: 294 daAuts
